 Dungeon Crawl Stone Soup version 0.18.1-5-g4a78601 (webtiles) character file.

72727 Ponchio the Fighter (level 15, -14/111 HPs)
             Began as a Gargoyle Fighter on May 12, 2016.
             Was the Champion of Qazlal.
             Killed from afar by a thorn hunter (41 damage)
             ... with a volley of thorns
             ... on level 1 of the Swamp on May 13, 2016.
             The game lasted 02:15:03 (18230 turns).

Ponchio the Fighter (Gargoyle Fighter)             Turns: 18230, Time: 02:15:03

Health: -14/111    AC: 32    Str: 21    XL:     15   Next: 41%
Magic:  15/15      EV: 18    Int: 10    God:    Qazlal [******]
Gold:   1275       SH: 22    Dex: 17    Spells: 0 memorised, 14 levels left

rFire  + + +     SeeInvis .     y - +10 hand axe of Ponchio's Quick Death {chop, *Rage rF++}
rCold  . . .     Gourm    .     j - +2 ring mail {MR+}
rNeg   + . .     Faith    .     c - +0 shield
rPois  ∞         Spirit   .     E - +2 hat
rElec  +         Dismiss  .     C - +2 cloak
rCorr  .         Reflect  .     H - +2 pair of gloves
SustAt .         Harm     +     t - +0 pair of boots
MR     +++..     Rnd*Rage +     V - amulet "Feteit" {Harm *Drain rF+ Str-2 Dex+4}
Stlth  +.........               a - ring of wizardry
                                U - ring of protection from magic

@: protected from physical damage, flying, repel missiles, extremely resistant
to hostile enchantments, very unstealthy
A: antennae 1, big wings, negative energy resistance 1, robust 1, electricity
resistance, strong 1, unbreathing, petrification resistance, rot immunity, AC
+11
a: Stop Flying, Upheaval, Elemental Force, Disaster Area, Renounce Religion


You were on level 1 of the Swamp.
You worshipped Qazlal.
Qazlal was exalted by your worship.
You were not hungry.

You visited 4 branches of the dungeon, and saw 21 of its levels.
You also visited: Sewer.

You collected 1275 gold pieces.

Inventory:

Hand Weapons
 y - the +10 hand axe of Ponchio's Quick Death (weapon) {chop, *Rage rF++}
   (You found it on level 4 of the Dungeon)

   It inflicts extra damage upon your enemies.
   It greatly protects you from fire.
   It may make you go berserk in combat.
 M - the +3 hand axe "Xaifimia" {elec, +Fly rC+ Stlth-}
   (You found it on level 4 of the Lair of Beasts)

   Occasionally, upon striking a foe, it will discharge some electrical energy
   and cause terrible harm.
   It protects you from cold.
   It lets you fly.
   It makes you less stealthy.
 Q - a +0 morningstar
Armour
 c - a +0 shield (worn)
 j - a +2 ring mail of magic resistance (worn)
 t - a +0 pair of boots (worn)
 C - a +2 cloak (worn)
 E - a +2 hat (worn)
 H - a +2 pair of gloves (worn)
Jewellery
 a - a ring of wizardry (right hand)
 k - an uncursed ring of see invisible
 l - a cursed -3 ring of dexterity {unknown}
 q - an uncursed amulet of regeneration
 U - a ring of protection from magic (left hand)
 V - the amulet "Feteit" (around neck) {Harm *Drain rF+ Str-2 Dex+4}
   (You found it on level 8 of the Lair of Beasts)

   [amulet of harm]

   It increases damage dealt and taken.
   It affects your strength (-2).
   It affects your dexterity (+4).
   It protects you from fire.
Wands
 e - a wand of flame (15/48)
 o - a wand of lightning (6/15)
 u - a wand of acid (9/15)
 F - a wand of digging (14/24)
 R - a wand of disintegration (9/24)
Scrolls
 b - 2 scrolls of fog
 m - 4 scrolls of identify
 v - 3 scrolls of magic mapping
 G - 12 scrolls of remove curse
 I - a scroll of fear
 N - 6 scrolls of teleportation
Potions
 d - 3 potions of might
 h - 9 potions of curing
 i - 2 potions of heal wounds
 n - a potion of agility
 r - a potion of brilliance
 s - a potion of haste
 w - 2 potions of beneficial mutation {unknown}
Miscellaneous
 B - a disc of storms
 S - a lamp of fire
Comestibles
 f - 7 bread rations
 g - 11 meat rations
 p - 23 fruits
 x - a chunk of flesh


   Skills:
 + Level 14.6 Fighting
 + Level 11.7(12.0) Axes
 - Level 4.4(9.5) Maces & Flails
 - Level 6.3 Armour
 + Level 10.9 Dodging
 + Level 14.6 Shields


You had 14 spell levels left.
You didn't know any spells.

Dungeon Overview and Level Annotations

Branches:
Dungeon (11/15)            Temple (1/1) D:4            Lair (8/8) D:11
  Swamp (1/4) Lair:5       Spider (0/4) Lair:3        Slime (0/6) Lair:7
    Orc: D:9-12

Altars:
Ashenzari
Cheibriados
Dithmenos
Elyvilon
Fedhas
Gozag
Kikubaaqudgha
Makhleb
Nemelex Xobeh
Okawaru
Pakellas
Qazlal
Ru
Sif Muna
Trog
Vehumet
Xom
Yredelemnul
Zin
The Shining One

Shops:
D:5 [   D:6 :}   D:9 *   D:10 *


Innate Abilities, Weirdness & Mutations

You are resistant to torment.
Your stone body is resilient (AC +11).
You are immune to poison.
Your large and strong wings let you fly indefinitely.
You resist negative energy.
You are resistant to electric shocks.
You can survive without breathing.
You are immune to petrification.
You are immune to rotting.
You have a pair of small antennae on your head.
You are robust (+10% HP).
Your muscles are strong. (Str +2)


Message History

You block the volley of thorns.
The thorn hunter is engulfed in freezing vapours.
The thorn hunter fires a volley of thorns at you.
The volley of thorns is repelled.
The briar patch is struck by lightning.
You destroy the briar patch!
The thorn hunter fires a volley of thorns at you.
The volley of thorns hits you!
You feel more protected from physical attacks.
* * * LOW HITPOINT WARNING * * *
The thorn hunter completely misses the briar patch.
The thorn hunter hits the briar patch!
The briar patch is destroyed!
The briar patch crumbles away. x3
The briar patch crumbles away.
The briar patch crumbles away.
The thorn hunter fires a volley of thorns at you.
The volley of thorns hits you!
You feel more protected from physical attacks.
You die...

♣♣.≈≈..♣♣♣...♣ ♣≈≈..♣ ♣≈≈ ♣
♣♣.≈≈≈...♣♣.♣≈♣ ♣.≈≈≈.♣.≈.♣
♣..≈<...♣♣♣§≈≈♣♣ ♣≈♣≈≈...≈.♣ ♣
≈.≈≈≈♣...♣♣≈≈..♣♣ ♣♣≈)♣.≈.≈.. ♣ ♣
..?≈.♣..≈......§♣♣♣.≈§≈.≈.≈≈♣.♣♣♣
≈≈≈≈.♣♣..≈≈≈.≈.≈.♣♣.≈♣≈≈..♣≈♣.♣♣.
≈≈.≈.♣♣♣..≈..≈.≈≈.♣....≈≈≈≈≈≈.♣♣.
≈≈≈♣.♣ ♣♣.≈.♣..§≈§♣..♣.≈..≈≈≈.♣♣.
≈...§♣ ♣..§♣♣♣.@§§f§≈≈≈.≈≈.≈≈♣♣.
≈≈..≈♣ ♣♣..♣ ♣.≈≈≈≈.≈≈.....♣≈...
≈≈≈..♣ ♣..♣ ♣♣§≈≈♣.≈≈.≈.♣..≈≈≈.
....♣♣ ♣..♣ ♣≈.≈≈......♣♣..≈≈.
≈≈≈..♣♣ ♣♣..♣ ♣♣≈....♣.PP.♣♣♣...
≈..≈.†♣♣♣.≈.♣ ♣..≈..≈.≈≈...§...
..♣.≈..≈≈.≈♣♣ ♣♣.≈.♣≈....≈§.))♣
≈≈♣≈≈≈.≈≈≈.♣♣ ♣.≈§§≈.♣.≈≈≈.≈.§
...≈≈.....≈≈♣ ♣♣>...♣≈≈≈.≈...≈


You could see a thorn hunter.

Vanquished Creatures
  Gastronok (Lair:2)
  Kirke (Lair:8)
  A thorn hunter (Swamp:1)
  Nessos (Lair:6)
  A dire elephant (Lair:8)
  Snorg (D:11)
  Josephine (Lair:4)
  6 hydras
  A ghost crab (Swamp:1)
  A catoblepas (Lair:8)
  A death knight (D:11)
  An alligator (Swamp:1)
  Erolcha (D:10)
  17 death yaks
  A deep troll shaman (Lair:8)
  2 skeletal warriors (D:11)
  A fire crab (Lair:7)
  A swamp dragon (Swamp:1)
  2 hill giants (D:10)
  A shambling mangrove (Swamp:1)
  An ugly thing (D:11)
  An oklob plant (Lair:4)
  4 griffons
  A cyclops (D:11)
  4 elephants (Lair:8)
  A torpor snail (Lair:8)
  7 black mambas
  13 spiny frogs
  2 gargoyles (D:10)
  5 komodo dragons
  A freezing wraith (D:11)
  A rime drake (Lair:6)
  The ghost of Mandevil the Skirmisher, an amateur OgAM (D:3)
  A jumping spider (Lair:3)
  A polar bear (Lair:6)
  Prince Ribbit (D:5)
  A boulder beetle (Lair:4)
  2 two-headed ogres
  36 blink frogs
  A bog body (Swamp:1)
  3 spriggans (Swamp:1)
  A shadow (Swamp:1)
  5 wraiths
  16 yaks
  4 hogs
  A wyvern (D:9)
  3 basilisks
  10 hippogriffs
  A vampire mosquito (Swamp:1)
  4 hungry ghosts
  An insubstantial wisp (Swamp:1)
  12 swamp worms (Swamp:1)
  2 wargs (D:11)
  13 water moccasins
  2 swamp drakes (Swamp:1)
  3 ice beasts
  6 orc warriors
  3 wasps (Swamp:1)
  14 porcupines
  3 necrophages
  3 phantoms
  5 ogres
  3 black bears
  3 eyes of draining (D:8)
  11 centaurs
  4 wolves
  14 crocodiles
  12 big kobolds
  18 giant frogs
  A gnoll sergeant (D:10)
  2 scorpions
  4 killer bees
  A howler monkey (D:6)
  10 wights
  8 crimson imps
  2 quasits
  A centaur zombie (D:10)
  4 hounds
  4 orc priests
  6 jellies
  A centaur skeleton (D:5)
  2 giant frog skeletons (D:11)
  13 orc wizards
  4 iguanas
  7 worker ants
  30 sheep
  A hound zombie (D:6)
  A howler monkey zombie (D:8)
  A worker ant zombie (D:9)
  Robin (D:4)
  3 gnolls (D:10)
  51 river rats
  15 adders
  5 shadow imps
  2 oozes (Lair:7)
  2 adder skeletons
  5 worms
  2 dart slugs
  4 giant geckos
  35 orcs
  9 bats
  5 giant cockroaches
  16 goblins
  5 hobgoblins
  9 jackals
  5 quokkas
  4 giant newts
  3 hobgoblin zombies (D:6)
  A jackal skeleton (D:4)
  16 kobolds
  2 kobold skeletons (D:6)
  A kobold zombie (D:6)
  2 orc zombies (D:6)
  2 quokka skeletons
  2 quokka zombies
  11 rats
  13 briar patches (Swamp:1)
  A bush (Lair:8)
  70 fungi
  39 plants
752 creatures vanquished.

Vanquished Creatures (others)
  5 briar patches (Swamp:1)
  16 fungi
  8 plants
29 creatures vanquished.

Grand Total: 781 creatures vanquished

Notes
Turn   | Place    | Note
--------------------------------------------------------------
     0 | D:1      | Ponchio the Gargoyle Fighter began the quest for the Orb.
     0 | D:1      | Reached XP level 1. HP: 14/14 MP: 1/1
   152 | D:1      | Reached XP level 2. HP: 19/19 MP: 2/2
   637 | D:2      | Reached XP level 3. HP: 16/23 MP: 3/3
   805 | D:2      | Found a shadowy altar of Dithmenos.
  1056 | D:2      | Reached XP level 4. HP: 29/29 MP: 4/4
  1200 | D:2      | Found a blossoming altar of Fedhas.
  1208 | D:2      | Found a shimmering altar of Xom.
  1212 | D:2      | Found an ancient bone altar of Kikubaaqudgha.
  1439 | D:3      | Noticed Mandevil's ghost (amateur OgAM)
  1479 | D:3      | Killed Mandevil's ghost
  1479 | D:3      | Reached XP level 5. HP: 34/34 MP: 5/5
  1479 | D:3      | Reached XP level 6. HP: 39/39 MP: 6/6
  1550 | D:3      | Found a glowing drain.
  1570 | Sewer    | Entered a sewer
  1577 | Sewer    | Reached skill level 5 in Armour
  1757 | Sewer    | Found a glowing silver altar of Zin.
  1997 | D:3      | Reached skill level 5 in Shields
  1997 | D:3      | Reached XP level 7. HP: 42/44 MP: 7/7
  2170 | D:3      | Reached skill level 5 in Fighting
  2181 | D:3      | Found a burning altar of Makhleb.
  2445 | D:4      | Found a sparkling altar of Nemelex Xobeh.
  2492 | D:4      | Noticed Robin
  2495 | D:4      | Found a staircase to the Ecumenical Temple.
  2519 | D:4      | Killed Robin
  2549 | Temple   | Entered the Ecumenical Temple
  2560 | Temple   | Became a worshipper of Qazlal Stormbringer
  2928 | D:4      | Got a twisted hand axe
  3124 | D:4      | Found a glowing silver altar of Zin.
  3372 | D:5      | Entered Level 5 of the Dungeon
  3372 | D:5      | Found Geskeusen's Antique Armour Shop.
  3494 | D:5      | Identified the +10 hand axe of Ponchio's Quick Death {chop, *Rage rF++} (You found it on level 4 of the Dungeon)
  3752 | D:5      | Noticed Prince Ribbit
  3762 | D:5      | Killed Prince Ribbit
  3762 | D:5      | Reached skill level 1 in Axes
  3762 | D:5      | Reached XP level 8. HP: 51/51 MP: 8/8
  3980 | D:5      | Found a blossoming altar of Fedhas.
  4408 | D:6      | Reached * piety under Qazlal
  4411 | D:6      | Found a glowing golden altar of the Shining One.
  4466 | D:6      | Reached skill level 1 in Dodging
  5028 | D:6      | Reached XP level 9. HP: 56/56 MP: 9/9
  5102 | D:6      | Found Vivogg's Book Emporium.
  5171 | D:6      | Found Qebizece's Gadget Shoppe.
  5387 | D:6      | Reached ** piety under Qazlal
  6571 | D:8      | Reached XP level 10. HP: 64/64 MP: 10/10
  6577 | D:8      | Reached skill level 5 in Axes
  6580 | D:8      | Reached *** piety under Qazlal
  6876 | D:8      | Found a bloodstained altar of Trog.
  7161 | D:9      | Reached **** piety under Qazlal
  7161 | D:9      | Reached skill level 5 in Dodging
  7169 | D:9      | Gained mutation: You are robust (+10% HP). [potion of mutation]
  7169 | D:9      | Gained mutation: Your muscles are strong. (Str +2) [potion of mutation]
  7169 | D:9      | Gained mutation: You have a pair of small antennae on your head. [potion of mutation]
  7869 | D:9      | Found Ostaj's Assorted Antiques.
  8027 | D:10     | Entered Level 10 of the Dungeon
  8029 | D:10     | Noticed a gargoyle
  8041 | D:10     | Killed a gargoyle
  8064 | D:10     | Reached XP level 11. HP: 78/78 MP: 11/11
  8122 | D:10     | Noticed a hill giant
  8133 | D:10     | Killed a hill giant
  8133 | D:10     | Reached skill level 10 in Shields
  8233 | D:10     | Found a blossoming altar of Fedhas.
  8268 | D:10     | Noticed Erolcha
  8268 | D:10     | Noticed a hill giant
  8283 | D:10     | Killed a hill giant
  8283 | D:10     | Reached skill level 10 in Fighting
  8293 | D:10     | Paralysed by Erolcha for 5 turns
  8301 | D:10     | Killed Erolcha
  8583 | D:10     | Reached ***** piety under Qazlal
  8695 | D:10     | Found Kyanaso's General Store.
  9174 | D:11     | Noticed a cyclops
  9182 | D:11     | Killed a cyclops
  9189 | D:11     | Noticed a skeletal warrior
  9191 | D:11     | Noticed a skeletal warrior
  9193 | D:11     | Noticed a death knight
  9225 | D:11     | Killed a skeletal warrior
  9231 | D:11     | Killed a death knight
  9240 | D:11     | Killed a skeletal warrior
  9240 | D:11     | Reached XP level 12. HP: 52/86 MP: 12/12
  9274 | D:11     | Found a staircase to the Lair.
  9366 | D:11     | Noticed Snorg
  9372 | D:11     | Killed Snorg
 10018 | Lair:1   | Entered Level 1 of the Lair of Beasts
 10830 | Lair:2   | Noticed Gastronok
 10842 | Lair:2   | Killed Gastronok
 11197 | Lair:2   | Got a crude ring mail
 11208 | Lair:2   | Identified the +4 ring mail of Sloth {rF+} (You found it on level 2 of the Lair of Beasts)
 11328 | Lair:2   | Got a tattered robe
 11339 | Lair:2   | Identified the +2 robe of the Trout {Int+4} (You found it on level 2 of the Lair of Beasts)
 11473 | Lair:3   | Reached ****** piety under Qazlal
 11515 | Lair:3   | Reached XP level 13. HP: 94/94 MP: 13/13
 11621 | Lair:3   | Found a hole to the Spider Nest.
 12370 | Lair:4   | Found a deep blue altar of Sif Muna.
 12373 | Lair:4   | Got a dazzling hand axe
 12379 | Lair:4   | Identified the cursed +3 hand axe "Xaifimia" {elec, +Fly rC+ Stlth-} (You found it on level 4 of the Lair of Beasts)
 12627 | Lair:4   | Noticed Josephine
 12640 | Lair:4   | Killed Josephine
 13646 | Lair:5   | Found a staircase to the Swamp.
 13942 | Lair:6   | Reached skill level 10 in Axes
 14084 | Lair:6   | Gained mutation: Your large and strong wings let you fly indefinitely. [Gargoyle growth]
 14084 | Lair:6   | Reached XP level 14. HP: 103/103 MP: 14/14
 14220 | Lair:6   | Noticed Nessos
 14245 | Lair:6   | Killed Nessos
 14801 | Lair:7   | Found a staircase to the Slime Pits.
 15595 | Lair:8   | Entered Level 8 of the Lair of Beasts
 15660 | Lair:7   | Reached skill level 10 in Dodging
 15750 | Lair:8   | Noticed Kirke
 15878 | Lair:8   | Killed Kirke
 16137 | Lair:8   | Noticed a dire elephant
 16161 | Lair:8   | Killed a dire elephant
 16161 | Lair:8   | Reached XP level 15. HP: 110/110 MP: 15/15
 16405 | Lair:8   | Got a translucent ruby amulet
 16587 | Lair:8   | Identified the amulet "Feteit" {Harm *Drain rF+ Str-2 Dex+4} (You found it on level 8 of the Lair of Beasts)
 17140 | Swamp:1  | Entered Level 1 of the Swamp
 17249 | Swamp:1  | Noticed a thorn hunter
 17286 | Swamp:1  | Killed a thorn hunter
 18198 | Swamp:1  | Noticed a thorn hunter
 18230 | Swamp:1  | Killed from afar by a thorn hunter

Skill      XL: |  1  2  3  4  5  6  7  8  9 10 11 12 13 14 |
---------------+-------------------------------------------+-----
Armour         | 4 5 6 |  6.3
Fighting       | 4 5 6 8 9 10 12 13 14 | 14.6
Maces & Flails | 3 4 |  4.4
Shields        | 4 5 6 8 9 11 12 13 14 | 14.6
Axes           | 1 3 4 6 7 9 10 11 | 11.7
Dodging        | 1 3 5 6 8 9 10 | 10.9

Action                   |  1- 3 |  4- 6 |  7- 9 | 10-12 | 13-15 || total
-------------------------+-------+-------+-------+-------+-------++-------
Melee: Flail             |   126 |   184 |   133 |       |       ||   443
       Hand axe          |       |       |   274 |   498 |   731 ||  1503
       Morningstar       |       |       |       |       |    35 ||    35
 Abil: Fly               |       |       |       |       |     2 ||     2
Evoke: Wand              |       |       |       |       |     9 ||     9
  Use: Scroll            |       |     8 |    12 |     7 |     1 ||    28
       Potion            |       |       |     2 |     7 |     3 ||    12
  Eat: Chunk             |     1 |     1 |    21 |    23 |    33 ||    79
       Beef jerky        |       |     1 |     1 |     1 |     2 ||     5
       Royal jelly       |       |       |     1 |     2 |     1 ||     4
       Fruit             |       |       |     2 |       |     3 ||     5
       Pizza             |       |       |       |     3 |       ||     3
Armor: Scale mail        |     9 |       |       |       |       ||     9
       Ring mail         |    46 |    96 |   195 |   102 |   199 ||   638
Dodge: Dodged            |    32 |    51 |   150 |   142 |   249 ||   624
       Deflected         |       |       |       |     7 |     7 ||    14
Block: Shield            |    74 |    84 |   227 |   375 |   687 ||  1447
